 Dungeon Crawl Stone Soup version 0.26-a0-40-gfe7b5d5a6f (webtiles) character file.

Game seed: 1689670489394109266, levelgen mode: deterministic

861 lexdn the Cleaver (level 8, -7/102 HPs)
             Began as a Hill Orc Berserker on May 31, 2020.
             Was a Priest of Trog.
             Killed by divine providence
             ... invoked by an orc priest
              (13 damage)
             ... on level 6 of the Dungeon.
             The game lasted 00:40:21 (5948 turns).

lexdn the Cleaver (Hill Orc Berserker)              Turns: 5948, Time: 00:40:22

Health: -7/102     AC:  4    Str: 22    XL:     8   Next: 2%
Magic:  8/8        EV:  9    Int:  7    God:    Trog [***...]
Gold:   254        SH:  9    Dex: 10    Spells: 7/7 levels left

rFire    + . .     SeeInvis .   a - +0 hand axe
rCold    x . .     Gourm    .   l - +0 kite shield
rNeg     . . .     Faith    .   b - +0 animal skin
rPois    .         Spirit   .   (no helmet)
rElec    .         Reflect  .   e - +0 cloak
rCorr    +         Harm     .   (no gloves)
MR       .....                  u - +0 pair of boots
Stlth    ..........             (no amulet)
HPRegen  0.27/turn              f - ring of resist corrosion
MPRegen  0.11/turn              h - ring of fire

@: berserking (expiring), very quick
A: no striking features
a: Berserk, Trog's Hand, Renounce Religion, Convert to Beogh


You were on level 6 of the Dungeon.
You worshipped Trog.
Trog was most pleased with you.
You were very hungry.

You visited 2 branches of the dungeon, and saw 7 of its levels.

You collected 254 gold pieces.

Inventory:

Hand Weapons
 a - a +0 hand axe (weapon)
Armour
 b - a +0 animal skin (worn)
 e - a +0 cloak (worn)
 l - a +0 kite shield (worn)
 u - a +0 pair of boots (worn)
Jewellery
 f - a ring of resist corrosion (left hand)
 h - a ring of fire (right hand)
Scrolls
 i - 3 scrolls of teleportation
 j - a scroll of immolation
 k - 8 scrolls of identify
 m - a scroll of fear {unknown}
 p - 3 scrolls of remove curse {unknown}
 w - a scroll of enchant weapon {unknown}
 y - a scroll of silence {unknown}
Potions
 d - 2 potions of degeneration {unknown}
 g - a potion of resistance {unknown}
 n - 2 potions of might {unknown}
 o - a potion of mutation {unknown}
 q - a potion of haste
 r - a potion of heal wounds {unknown}
 s - a potion of ambrosia {unknown}
 t - a potion of magic {unknown}
 v - 2 potions of experience {unknown}
 x - a potion of cancellation {unknown}
 A - a potion of invisibility {unknown}
Comestibles
 c - 13 rations


   Skills:
 + Level 5.1 Fighting
 * Level 9.6 Axes
 * Level 3.8 Armour
 - Level 1.5 Dodging
 * Level 3.8 Shields


You had 7 spell levels left.
You didn't know any spells.
Your spell library was empty.

Dungeon Overview and Level Annotations

Branches:
Dungeon (6/15)             Temple (1/1) D:4

Altars:
Ashenzari
Cheibriados
Dithmenos
Elyvilon
Fedhas
Gozag
Hepliaklqana
Kikubaaqudgha
Makhleb
Nemelex Xobeh
Okawaru
Qazlal
Ru
Sif Muna
Trog
Uskayaw
Vehumet
Wu Jian
Xom
Yredelemnul
Zin
The Shining One

Shops:
D:5 *

Annotations:
D:6 1 runed translucent door, iamserjio's ghost, novice OpWn


Message History

* * * LOW HITPOINT WARNING * * *
You miss the quasit.
The quasit is severely wounded.
The quasit barely misses you.
The quasit claws you but does no damage. x2
An orc warrior comes into view.
It is wielding a +0 battleaxe of electrocution.
You miss the quasit.
The quasit is severely wounded.
The quasit barely misses you. You block the quasit's attack. x2
You miss the quasit.
The quasit is severely wounded.
You block the quasit's attack. The quasit claws you.
* * * LOW HITPOINT WARNING * * *
The quasit claws you but does no damage.
The orc priest looks satisfied for a moment.
You barely miss the quasit.
The quasit is severely wounded.
The orc priest mumbles some strange prayers to Beogh against you.
Beogh smites you!
You die...

..
.........#........
#.o
#.######.......###
5. #<# #.......# #
oo#.# #.......# #
.#.### #.#####.# #
Zoo.####.# #.###
#oo......### #....
#5#.####.#.###.##.
#@# #....##....
#.#.####.......##.
#.#.........#####.
#.########.## #.
#..........# #.
############ #. ##
#


You could see an orc warrior, 2 orc priests, a quasit, an orc and a jackal
zombie.

Vanquished Creatures
  4 bullfrogs
  A howler monkey (D:5)
  A centaur zombie (D:5)
  A jelly (D:6)
  4 hounds
  4 orc wizards
  A bullfrog skeleton (D:5)
  2 worker ants
  9 adders
  An adder skeleton (D:5)
  3 worms (D:2)
  3 dart slugs
  7 leopard geckos
  5 orcs
  11 bats
  2 giant cockroaches
  7 hobgoblins
  8 jackals
  6 kobolds
  3 quokkas
  A ball python (D:3)
  4 frilled lizards
  11 goblins
  A leopard gecko zombie (D:5)
  A quokka skeleton (D:5)
  5 rats
106 creatures vanquished.

Vanquished Creatures (others)
  5 dream sheep (D:6)
5 creatures vanquished.

Grand Total: 111 creatures vanquished

Notes
Turn   | Place    | Note
-------+----------+-------------------------------------------
     0 | D:1      | lexdn the Hill Orc Berserker began the quest for the Orb.
     0 | D:1      | Reached XP level 1. HP: 19/19 MP: 1/1
   207 | D:1      | Reached XP level 2. HP: 24/27 MP: 2/2
   615 | D:1      | Reached skill level 5 in Axes
   950 | D:2      | Reached XP level 3. HP: 33/33 MP: 3/3
  1559 | D:2      | Found a faded altar of an unknown god.
  1574 | D:2      | Reached XP level 4. HP: 27/40 MP: 4/4
  1743 | D:2      | Noticed a bullfrog
  1761 | D:2      | Killed a bullfrog
  1761 | D:2      | Reached skill level 6 in Axes
  1761 | D:2      | Reached skill level 1 in Shields
  1761 | D:2      | Reached XP level 5. HP: 12/47 MP: 5/5
  1762 | D:2      | Reached ** piety under Trog
  2754 | D:3      | HP: 2/70 [leopard gecko (2)]
  3370 | D:3      | Found a sacrificial altar of Ru.
  3377 | D:3      | Reached skill level 7 in Axes
  3377 | D:3      | Reached XP level 6. HP: 53/53 MP: 6/6
  3958 | D:4      | Found a staircase to the Ecumenical Temple.
  4204 | D:4      | Found a shimmering blue altar of Sif Muna.
  4204 | D:4      | Found a basalt altar of Yredelemnul.
  4445 | Temple   | Entered the Ecumenical Temple
  4628 | D:5      | Entered Level 5 of the Dungeon
  4628 | D:5      | Found Fizitog's General Store.
  4797 | D:5      | Reached skill level 8 in Axes
  4797 | D:5      | Reached XP level 7. HP: 55/60 MP: 7/7
  4831 | D:5      | Reached *** piety under Trog
  5113 | D:5      | Found a hazy altar of Hepliaklqana.
  5115 | D:5      | Found a shadowy altar of Dithmenos.
  5116 | D:5      | Noticed a shadow
  5479 | D:6      | Found a runed translucent door.
  5479 | D:6      | Noticed iamserjio's ghost (novice OpWn)
  5512 | D:6      | Reached skill level 5 in Fighting
  5525 | D:6      | Reached skill level 9 in Axes
  5685 | D:6      | Noticed a dream sheep
  5685 | D:6      | Noticed a dream sheep
  5685 | D:6      | Noticed a dream sheep
  5685 | D:6      | Noticed a dream sheep
  5685 | D:6      | Noticed a dream sheep
  5685 | D:6      | Found a shimmering altar of Xom.
  5690 | D:6      | Killed a dream sheep
  5690 | D:6      | Killed a dream sheep
  5690 | D:6      | Killed a dream sheep
  5690 | D:6      | Killed a dream sheep
  5691 | D:6      | Killed a dream sheep
  5936 | D:6      | Reached XP level 8. HP: 25/68 MP: 8/8
  5948 | D:6      | Killed from afar by an orc priest

Illustrated notes

Levels and vault maps discovered:
D:1:      dpeg_arrival_boxes_within_box, layout_basic
D:2:      layout_rooms, chequers_ecumenical_altar_simple
D:3:      layout_loops_cross, nicolae_ru_great_annihilating_truth
D:4:      layout_cave_pools, gammafunk_temple_overflow_statue,
          minmay_temple_entry_grid, first_ration
D:5:      layout_rooms, riverfiend_overflow_shadow_ancestor, serial_shops, shop,
          minmay_misc_feat_square
D:6:      lemuel_insect_pit, layout_loops_ring, kb_xom_exploding_sheep,
          ebering_ghost_inner_flame
Temple:   nicolae_temple_x_marks_the_god

Skill      XL: |  1  2  3  4  5  6  7 |
---------------+----------------------+-----
Axes           | 5 6 7 8 9 |  9.6
Fighting       | 4 5 |  5.1
Shields        | 1 2 3 |  3.8
Armour         | 3 |  3.8
Dodging        | |  1.5

Action                   |  1- 3 |  4- 6 |  7- 9 || total
-------------------------+-------+-------+-------++-------
Melee: Hand axe          |    93 |   225 |    77 ||   395
Invok: Berserk           |       |     2 |     2 ||     4
       Trog's Hand       |       |     1 |       ||     1
  Use: Scroll            |       |     1 |       ||     1
 Stab: Sleeping          |       |     1 |     1 ||     2
       Distracted        |       |     1 |       ||     1
  Eat: Chunk             |     2 |    13 |     4 ||    19
Armor: Animal skin       |    20 |    49 |    16 ||    85
Dodge: Dodged            |    53 |    75 |    36 ||   164
Block: Kite shield       |     8 |   103 |    38 ||   149

Table legend:
 A = Non-vault XP
 B = Vault XP
 C = Vault XP percentage of total XP
 D = Non-vault monster count
 E = Vault monster count
 F = Vault count percentage of total count
                 A         B        C        D         E       F
            +---------+---------+-------+---------+---------+-------
      Total |    1186 |      45 |   3.7 |     102 |       4 |   3.8
            +---------+---------+-------+---------+---------+-------
        D:1 |      33 |       0 |   0.0 |      17 |       0 |   0.0
        D:2 |     187 |       0 |   0.0 |      24 |       0 |   0.0
        D:3 |      89 |      45 |  33.6 |      30 |       4 |  11.8
        D:4 |     182 |       0 |   0.0 |      12 |       0 |   0.0
        D:5 |     287 |       0 |   0.0 |      13 |       0 |   0.0
        D:6 |     408 |       0 |   0.0 |       6 |       0 |   0.0
            +---------+---------+-------+---------+---------+-------
